AoeStats
← victordh91

Arena

507244694Analyzed
1v1 RM · 14d ago on Sep 17, 2026· 42m 7s· 2 players
Game mode
Random Map
Map size
Tiny (2 player)
Population
200
Speed
Normal
Resources
Standard
Victory
Conquest
Starting age
Dark Age
Ending age
Imperial Age
RankedLock teamsTeams togetherTeam positionsShared explorationLock speedFull tech treeHidden civsTurbo modeCheats
Victory
Defeat
🇳🇱 Franks · Netherlands
886
+16
🇩🇪 Spanish · Germany
893
-16
victordh91
9:54 Feudal Age
14:31 Castle Age
12:51 Double-Bit Axe
25:31 Wheelbarrow
25:52 Bow Saw
25:36 Gold Mining
26:19 Loom
28:28 #83
30:52 Imperial Age
31:48 Husbandry
33:33 Chemistry
34:13 Ballistics
34:16 Hand Cart
33:44 Cavalier
35:02 Masonry
38:34 Stone Mining
41:15 Conscription
40:27 Elite Throwing Axeman
41:51 Scale Mail Armor
41:51 Padded Archer Armor
41:42 Fletching
42:00 Scale Barding Armor
42:05 Forging
xxxDonPabloxxx
10:34 Feudal Age
15:20 Castle Age
13:49 Loom
28:14 Double-Bit Axe
28:47 Horse Collar
42:14 Imperial Age
Connection lost

Rejoining the realm…

Still unreachable

The connection could not be restored.

Session expired

The server has moved on; the page needs a fresh start.